 Dungeon Crawl Stone Soup version 0.27-a0-760-gc38aae387d (webtiles) character file.

Game seed: 9893776812017317577

7220 Lanoc the Destroyer (level 11, -1/68 HPs)
             Began as a Human Conjurer on Mar 24, 2021.
             Was a Priest of Sif Muna.
             Slain by a two-headed ogre
             ... wielding a +0 giant club
              (29 damage)
             ... on level 11 of the Dungeon.
             The game lasted 00:20:59 (9248 turns).

Lanoc the Destroyer (Human Conjurer)                Turns: 9248, Time: 00:20:59

Health: -1/68      AC:  8    Str:  7    XL:     11   Next: 33%
Magic:  20/23      EV: 16    Int: 25    God:    Sif Muna [***...]
Gold:   332        SH:  0    Dex: 13    Spells: 7/14 levels left

rFire    . . .     SeeInvis .   j - +1 dagger (elec)
rCold    + . .     Faith    .   (no shield)
rNeg     + . .     Spirit   .   a - +0 robe
rPois    +         Reflect  .   F - +1 helmet
rElec    .         Harm     .   C - +2 cloak "Vedwyaz" {rC+ rN+ rCorr Int+4}
rCorr    +         Rampage  .   (no gloves)
Will     .....                  r - +0 pair of boots
Stlth    ++........             c - amulet of magic regeneration
HPRegen  0.21/turn              B - ring of poison resistance
MPRegen  0.43/turn              H - ring of magical power

@: no status effects
A: no striking features
a: Renounce Religion, Channel Magic, Forget Spell


You were on level 11 of the Dungeon.
You worshipped Sif Muna.
Sif Muna was most pleased with you.
You visited 2 branches of the dungeon, and saw 12 of its levels.

You collected 332 gold pieces.

Inventory:

Hand Weapons
 j - a +1 dagger of electrocution (weapon)
Missiles
 f - 8 curare-tipped darts (quivered)
 n - 119 arrows
 o - 79 poisoned darts
 q - 143 bolts
Armour
 a - a +0 robe (worn)
 r - a +0 pair of boots (worn)
 v - the +1 scale mail of the Three of Cups {rElec rPois Stlth+}
   (You found it on level 4 of the Dungeon)

   It insulates you from electricity.
   It protects you from poison.
   It makes you more stealthy.
 C - the +2 cloak "Vedwyaz" (worn) {rC+ rN+ rCorr Int+4}
   (You found it on level 7 of the Dungeon)

   It affects your intelligence (+4).
   It protects you from cold.
   It protects you from negative energy.
   It provides partial protection from all sources of acid and corrosion.
 F - a +1 helmet (worn)
 G - a +0 buckler
Jewellery
 c - an amulet of magic regeneration (around neck)
 m - a ring of flight
 B - a ring of poison resistance (right hand)
 H - a ring of magical power (left hand)
Wands
 y - a wand of flame (19)
 z - a wand of paralysis (7)
Scrolls
 d - 2 scrolls of fog {unknown}
 e - 3 scrolls of magic mapping {unknown}
 h - 3 scrolls of holy word {unknown}
 i - 2 scrolls of vulnerability {unknown}
 k - 4 scrolls of teleportation {unknown}
 p - a scroll of summoning {unknown}
 u - 4 scrolls of brand weapon
 x - a scroll of immolation
 A - 2 scrolls of acquirement {unknown}
 E - a scroll of amnesia {unknown}
 I - a scroll of enchant weapon {unknown}
 J - a scroll of fear {unknown}
Potions
 b - 6 potions of curing
 g - 3 potions of attraction
 l - 3 potions of haste
 s - 2 potions of cancellation
 t - 2 potions of lignification
 w - 2 potions of ambrosia
 D - 3 potions of resistance


   Skills:
 + Level 9.9 Dodging
 - Level 2.0 Stealth
 - Level 2.0 Spellcasting
 * Level 13.7 Conjurations


You had 7 spell levels left.
You knew the following spells:

 Your Spells              Type           Power      Damage    Failure   Level
a - Magic Dart            Conj           100%       1d8       1%          1
b - Searing Ray           Conj           100%       3d7       1%          2
c - Iskenderun's Mystic   Conj/Tloc      36%        2d9       7%          4

Your spell library contained the following spells:

 Spells                   Type           Power      Damage    Failure   Level
 Conjure Flame            Conj/Fire      36%        6-21      1%          3
 Dazzling Flash           Conj/Hex       72%        N/A       1%          3
 Mephitic Cloud           Conj/Pois/Air  25%        N/A       4%          3
 Fulminant Prism          Conj/Hex       18%        3d11      7%          4
 Animate Skeleton         Necr           4%         N/A       11%         1
 Apportation              Tloc           4%         N/A       11%         1
 Beastly Appendage        Tmut           4%         N/A       11%         1
 Corona                   Hex            2%         N/A       11%         1
 Summon Small Mammal      Summ           8%         N/A       11%         1
 Poisonous Vapours        Pois/Air       4%         N/A       17%         2
 Wereblood                Tmut           2%         N/A       17%         2
 Spider Form              Tmut/Pois      1%         N/A       32%         3
 Ice Form                 Ice/Tmut       2%         N/A       73%         4
 Freezing Cloud           Conj/Ice/Air   12%        6-21      95%         6
 Blade Hands              Tmut           1%         N/A       97%         5


Dungeon Overview and Level Annotations

Branches:
Dungeon (11/15)            Temple (1/1) D:4
   Lair: D:8-11         Orc: D:9-12

Altars:
Ashenzari
Cheibriados
Dithmenos
Elyvilon
Fedhas
Gozag
Hepliaklqana
Kikubaaqudgha
Makhleb
Nemelex Xobeh
Okawaru
Qazlal
Ru
Sif Muna
Trog
Uskayaw
Vehumet
Wu Jian
Xom
Yredelemnul
Zin
The Shining One

Shops:
D:3 =   D:6 *(   D:9 *

Portals:
Abyss: D:10

Annotations:
D:5 Pikel
D:10 2 transporters, Lanoc's ghost, novice VSDe


Message History

a +0 robe; a +0 dagger
Things that are here:
a +0 short sword; a stone
There is a stone staircase leading up here.
Things that are here:
a +0 short sword; a kobold corpse
There is a stone staircase leading up here.
There is a stone staircase leading down here.
You open the door.
A two-headed ogre comes into view. It is wielding two +0 giant clubs.
The two-headed ogre shouts in stereo!
You hear a shout!
You hear an angry hiss.
A komodo dragon comes into view.
An orc priest comes into view. It is wielding a +0 flail.
Casting: Magic Dart (safe; 1% risk of failure)
Confirm with . or Enter, or press ? or * to list all spells.
Aiming: Searing Ray (safe; 1% risk of failure)
Press: ? - help, Shift-Dir - straight line, f - two-headed ogre
Aim: a two-headed ogre, wielding two +0 giant clubs (8% to evade)
The searing ray hits the two-headed ogre!
The two-headed ogre is moderately wounded. (Press . to maintain the ray.)
A water elemental comes into view.
The searing ray hits the two-headed ogre!
The two-headed ogre is heavily wounded.
The searing ray hits the komodo dragon!
The komodo dragon is moderately wounded.
The two-headed ogre barely misses you.
The two-headed ogre hits you with a +0 giant club!!
The searing ray hits the two-headed ogre!
The two-headed ogre is severely wounded.
The searing ray hits the komodo dragon!
The komodo dragon is heavily wounded.
The two-headed ogre hits you with a +0 giant club! x2
The searing ray hits the two-headed ogre!
The two-headed ogre is severely wounded.
The searing ray hits the komodo dragon!
The komodo dragon is almost dead.
You finish channeling your searing ray.
The two-headed ogre hits you with a +0 giant club!!
You die...

######.....##
#..........##
...###.......#
# #.......####
##.[........##
##.)<..>.###..#
#..##).######.#
#.######≈≈≈E#.#
#.# ♣lO@#
#....K.# ♣.o###
#....T.#≈≈≈
#...KK.###
..#.#K##
#...#.# ##..# #
..#


You could see a two-headed ogre, a komodo dragon, a water elemental and an orc
priest.

Vanquished Creatures
  Nergalle (D:10)
  A kobold demonologist (D:11)
  2 trolls
  11 yaks
  A wyvern (D:9)
  A steam dragon (D:9)
  A water moccasin (D:7)
  5 orc warriors
  A black bear (D:5)
  A necrophage (D:4)
  An ogre (D:6)
  4 centaurs
  3 phantoms
  4 kobold brigands
  2 gnoll sergeants
  4 bullfrogs
  A water moccasin zombie (D:5)
  A scorpion (D:5)
  A water moccasin skeleton (D:4)
  5 killer bees (D:8)
  4 wights (D:9)
  A howler monkey (D:6)
  A bullfrog zombie (D:5)
  A bullfrog skeleton (D:7)
  3 centaur zombies
  2 gnoll shamans (D:7)
  4 hounds
  3 jellies
  5 orc priests
  A centaur skeleton (D:7)
  6 orc wizards
  2 worker ants
  A hound skeleton (D:5)
  3 howler monkey zombies (D:9)
  24 gnolls
  5 adders
  A worm (D:2)
  A dart slug (D:2)
  28 orcs
  9 endoplasms
  6 giant cockroaches
  3 goblins
  11 hobgoblins
  3 jackals (D:2)
  A quokka (D:4)
  13 ball pythons
  4 bats
  7 frilled lizards
  16 kobolds
  6 rats
226 creatures vanquished.

Vanquished Creatures (others)
  2 plants (D:2)
2 creatures vanquished.

Grand Total: 228 creatures vanquished

Notes
Turn   | Place    | Note
-------+----------+-------------------------------------------
     0 | D:1      | Lanoc the Human Conjurer began the quest for the Orb.
     0 | D:1      | Reached XP level 1. HP: 13/13 MP: 3/3
   165 | D:1      | Reached XP level 2. HP: 19/19 MP: 3/5
   327 | D:1      | Learned a level 2 spell: Searing Ray
   661 | D:1      | Reached XP level 3. HP: 24/24 MP: 3/6
  1092 | D:2      | Reached XP level 4. HP: 30/30 MP: 4/7
  1099 | D:2      | Reached skill level 5 in Conjurations
  1605 | D:3      | Found Neacriss's Jewellery Boutique.
  1979 | D:3      | Found a white marble altar of Elyvilon.
  2012 | D:3      | Found a glowing golden altar of the Shining One.
  2017 | D:3      | Found a broken altar of Ashenzari.
  2160 | D:3      | Reached XP level 5. HP: 35/35 MP: 5/8
  2201 | D:4      | Noticed a necrophage
  2206 | D:4      | Killed a necrophage
  2207 | D:4      | Reached skill level 6 in Conjurations
  2250 | D:4      | Reached XP level 6. HP: 32/41 MP: 3/9
  2652 | D:4      | Found a staircase to the Ecumenical Temple.
  2661 | D:4      | Identified the +1 scale mail of the Three of Cups {rElec
                  | rPois Stlth+}
  2693 | Temple   | Entered the Ecumenical Temple
  2759 | Temple   | Became a worshipper of Sif Muna the Loreminder
  2946 | D:5      | Entered Level 5 of the Dungeon
  2951 | D:5      | Reached XP level 7. HP: 46/46 MP: 6/10
  2955 | D:5      | Reached skill level 7 in Conjurations
  3003 | D:5      | Found a hazy altar of Hepliaklqana.
  3112 | D:5      | Reached skill level 5 in Dodging
  3165 | D:5      | Reached XP level 8. HP: 49/52 MP: 7/11
  3231 | D:5      | Reached skill level 8 in Conjurations
  3294 | D:5      | Found a radiant altar of Vehumet.
  3294 | D:5      | Found an ancient bone altar of Kikubaaqudgha.
  3332 | D:5      | Noticed Pikel
  3626 | D:6      | Found Ynkoizer's Antique Weapon Shop.
  3727 | D:6      | Found Buasug's General Store.
  3795 | D:6      | Reached skill level 9 in Conjurations
  3802 | D:6      | Reached * piety under Sif Muna
  4267 | D:7      | Noticed a troll
  4302 | D:7      | Killed a troll
  4303 | D:7      | Reached XP level 9. HP: 48/57 MP: 5/12
  4415 | D:7      | Reached skill level 10 in Conjurations
  4690 | D:7      | Identified the +2 cloak "Vedwyaz" {rC+ rN+ rCorr Int+4}
  5019 | D:7      | Learned a level 4 spell: Iskenderun's Mystic Blast
  5029 | D:8      | Reached ** piety under Sif Muna
  5473 | D:8      | Reached skill level 11 in Conjurations
  5484 | D:8      | Reached XP level 10. HP: 34/63 MP: 0/13
  5715 | D:8      | Found a snail-covered altar of Cheibriados.
  6239 | D:8      | Found a hide-covered altar of Uskayaw.
  6244 | D:8      | Found a shadowy altar of Dithmenos.
  6249 | D:8      | Found an ornate altar of the Wu Jian Council.
  6629 | D:9      | Found Kouqilir's General Store.
  6791 | D:9      | Reached skill level 12 in Conjurations
  6980 | D:9      | Reached *** piety under Sif Muna
  7574 | D:10     | Entered Level 10 of the Dungeon
  7574 | D:10     | Noticed a gargoyle
  7932 | D:10     | Noticed Nergalle
  7946 | D:10     | Killed Nergalle
  8265 | D:10     | Found a transporter.
  8267 | D:10     | Found a transporter.
  8269 | D:10     | Noticed a toenail golem
  8306 | D:10     | Noticed a thrashing horror
  8306 | D:10     | Noticed a toenail golem
  8308 | D:10     | Found a one-way gate to the infinite horrors of the Abyss.
  8308 | D:10     | Noticed Lanoc's ghost (novice VSDe)
  8344 | D:10     | Reached skill level 13 in Conjurations
  8344 | D:10     | Reached XP level 11. HP: 68/68 MP: 14/14
  9244 | D:11     | Noticed a two-headed ogre
  9248 | D:11     | Slain by a two-headed ogre

Illustrated notes

Levels and vault maps discovered:
D:1:      erik_arrival_triangle_large, layout_loops_ring, minmay_small_reverse_x
D:2:      layout_rooms, serial_forest, infiniplex_forest_clump_double,
          infiniplex_forest_lined_room_2, infiniplex_forest_lined_3_way,
          infiniplex_forest_straight_3, infiniplex_forest_lined_3,
          infiniplex_forest_lined_2, minmay_tripent
D:3:      layout_loops_ring, minmay_overflow_temple_star_quad, serial_shops,
          shop, serial_park_tiny_1, chequers_hall_statues_wall_a
D:4:      layout_rooms, minmay_temple_entry_tees, hex_intersection
D:5:      layout_basic, nicolae_overflow_hidden_temple, lemuel_old_faithful,
          uniq_pikel
D:6:      layout_basic, serial_shops, kennysheep_mini_moat, shop
D:7:      layout_basic
D:8:      layout_basic, old_standard_altar, minitemple,
          chequers_serial_rivers_large_a
D:9:      layout_stronghold, serial_shops, shop
D:10:     layout_gridville, gammafunk_ghost_abyssal_escape,
          kennysheep_generic_room_12, uniq_nergalle
D:11:     layout_rooms, erik_lair_island, serial_glass, glass_columns_a,
          glass_columns_b, glass_columns_a, glass_columns_a, glass_columns_a,
          kennysheep_generic_room_14, uniq_urug
Temple:   minmay_temple_bridge_abc

Skill      XL: |  1  2  3  4  5  6  7  8  9 10 |
---------------+-------------------------------+-----
Conjurations   | 5 6 7 9 11 13 | 13.7
Dodging        | 3 4 5 6 7 9 |  9.9
Stealth        | |  2.0
Spellcasting   | |  2.0

Action                   |  1- 3 |  4- 6 |  7- 9 | 10-12 || total
-------------------------+-------+-------+-------+-------++-------
Melee: Rapier            |       |       |    14 |       ||    14
       Dagger            |       |       |     4 |    22 ||    26
Throw: Dart              |       |       |       |     3 ||     3
 Cast: Magic Dart        |    63 |   111 |    58 |     5 ||   237
       Searing Ray       |     1 |     3 |    47 |    51 ||   102
  Use: Scroll            |       |       |     8 |     3 ||    11
 Stab: Sleeping          |       |       |     1 |       ||     1
Armor: Robe              |       |     3 |    21 |    21 ||    45
Dodge: Dodged            |       |     8 |    53 |    74 ||   135

Table legend: (Time is in decaauts)
 A = Elapsed time spent in this place.
 B = Non-inter-level travel time spent in this place.
 C = Inter-level travel time spent in this place.
 D = Time resting spent in this place.
 E = Time spent auto-exploring this place.
 F = Levels seen in this place.
 G = Mean time per level.
                   A        B        C        D        E       F      G
               +--------+--------+--------+--------+--------+-----+--------+
         Total |   9261 |   8839 |    422 |    304 |   7119 |  12 |  771.8 |
       Dungeon |   9174 |   8772 |    402 |    304 |   7071 |  11 |  834.0 |
        Temple |     87 |     67 |     20 |      0 |     48 |   1 |   87.0 |
               +--------+--------+--------+--------+--------+-----+--------+

Top non-repeatable levels by time:
     D:9: 1582 daAuts
    D:10: 1246 daAuts
     D:8: 1143 daAuts
     D:7: 1092 daAuts
     D:1: 885 daAuts
     D:6: 785 daAuts
     D:4: 681 daAuts
     D:2: 670 daAuts
     D:3: 644 daAuts
     D:5: 377 daAuts
  Temple: 87 daAuts
    D:11: 64 daAuts
